 Dungeon Sprint DCSS version 0.30-a0-304-gdc4b735fe1 (webtiles) character file.

Game seed: 9255468672712597135

115 ChrisCrawling the Cleaver (level 5, -1/51 HPs)
             Began as a Hill Orc Monk on Oct 20, 2022.
             Was an Elder of Beogh.
             Slain by a warg (12 damage)
             ... in the Dungeon (Sprint VII: "The Pits").
             The game lasted 00:02:56 (406 turns).

ChrisCrawling the Cleaver (Hill Orc Monk)            Turns: 406, Time: 00:02:58

Health: -1/51      AC: 12    Str: 16    XL:     5   Next: 0%
Magic:  5/5        EV:  5    Int: 10    God:    Beogh [****..]
Gold:   0          SH:  0    Dex: 13    Spells: 4/4 levels left

rFire   . . .      SeeInvis .    j - +2 hand axe
rCold   . . .      Faith    .    (no shield)
rNeg    . . .      Spirit   .    p - +2 plate armour
rPois   .          Reflect  .    (no helmet)
rElec   .          Harm     .    (no cloak)
rCorr   .          Rampage  .    (no gloves)
Will    .....      NoTele   +    (no boots)
Stlth   ..........               (no amulet)
HPRegen 0.28/turn                (no ring)
MPRegen 0.09/turn                (no ring)

@: no status effects
A: no striking features
a: Renounce Religion, Smiting, Recall Orcish Followers


You were in the Dungeon.
You worshipped Beogh.
Beogh was greatly pleased with you.
You visited 1 branch

Inventory:

Hand Weapons
 a - a +0 hand axe
 j - a +2 hand axe (weapon)
 r - a +1 vorpal trident
 s - a +0 flail of protection
 t - a +1 vorpal hand axe
 u - a +0 long sword of holy wrath
 v - a +0 dagger of draining
 w - a +2 quarterstaff of protection
Missiles
 l - 10 stones (quivered)
Armour
 b - a +0 robe
 p - a +2 plate armour (worn)
 q - a +3 ring mail
Scrolls
 i - a scroll of blinking
 m - 5 scrolls of amnesia
 n - a scroll of summoning
 o - 2 scrolls of vulnerability
Potions
 c - a potion of ambrosia
 d - 6 potions of curing
 e - 5 potions of heal wounds
 f - a potion of haste
 g - 4 potions of magic
 h - 3 potions of berserk rage
 k - 2 potions of invisibility


   Skills:
 + Level 6.8 Fighting
 + Level 8.6 Axes
 + Level 0.4 Armour
 + Level 4.7 Dodging
 + Level 2.6 Stealth


You had 4 spell levels left.
You didn't know any spells.
Your spell library was empty.

Dungeon Overview and Level Annotations

Branches:
Dungeon (1/1)

Altars:
Ashenzari
Cheibriados
Dithmenos
Elyvilon
Fedhas
Gozag
Hepliaklqana
Kikubaaqudgha
Makhleb
Nemelex Xobeh
Okawaru
Qazlal
Ru
Sif Muna
Trog
Uskayaw
Vehumet
Wu Jian
Xom
Yredelemnul
Zin
The Shining One
Beogh
Jiyva
Lugonu


Message History

You hit the iron imp but do no damage. You hit the jackal but do no damage.
The jackal bites you but does no damage.
You hit the iron imp but do no damage. You hit the jackal.
You kill the jackal!
Beogh accepts your kill.
You hit the jackal.
The jackal bites you but does no damage.
The iron imp hits you.
You have reached level 5!
You feel stronger.
You miss the flying skull. You barely miss the iron imp.
You closely miss the jackal.
The jackal bites you but does no damage.
The flying skull hits you. The iron imp hits you.
You hit the flying skull.
The flying skull is moderately damaged.
You barely miss the iron imp. You hit the jackal.
The jackal bites you but does no damage.
The flying skull hits you.
You hit the flying skull.
The flying skull is heavily damaged.
You closely miss the iron imp. You barely miss the warg.
The flying skull hits you but does no damage.
The iron imp barely misses you. The flying skull hits you. The warg bites you.
You closely miss the flying skull.
The flying skull is heavily damaged.
You hit the iron imp. You closely miss the warg. The flying skull hits you.
The warg barely misses you.
You hit the flying skull but do no damage.
The flying skull is heavily damaged.
You hit the warg. You hit the iron imp but do no damage.
The flying skull hits you! The warg bites you but does no damage.
You miss the flying skull.
The flying skull is heavily damaged.
You hit the warg.
You hit the iron imp but do no damage. x2
The flying skull hits you!
* * * LOW HITPOINT WARNING * * *
The iron imp hits you but does no damage.
The warg bites you!
You die...

#.#..÷#÷#..#####'#
#.#..÷'.#..##.....
#.##'####..##.....
#.#.....#..##.....
#.#..)..#'###...<.
#.#........##.....
#.#........##.....
#5###########.....
#@5# ######
#zhh....#
##r#.#.## .....
.#.#.# ......# .#
#..+ ## ##


You could see a warg, a flying skull, 2 iron imps, a river rat and a jackal.

Vanquished Creatures
  A floating eye (D)
  A white imp (D)
  An adder zombie (D)
  3 jackals (D)
  A kobold (D)
  A bat (D)
  2 frilled lizards (D)
  A quokka zombie (D)
11 creatures vanquished.

Notes
Turn   | Place    | Note
-------+----------+-------------------------------------------
     0 | D        | ChrisCrawling the Hill Orc Monk began the quest for the
                  | Orb.
     0 | D        | Reached XP level 1. HP: 19/19 MP: 1/1
    31 | D        | Found a bloodstained altar of Trog.
    31 | D        | Found a shimmering blue altar of Sif Muna.
    31 | D        | Found a viscous altar of Jiyva.
    31 | D        | Found a hazy altar of Hepliaklqana.
    31 | D        | Found an opulent altar of Gozag.
    32 | D        | Found a glowing golden altar of the Shining One.
    32 | D        | Found a glowing silver altar of Zin.
    32 | D        | Found a basalt altar of Yredelemnul.
    32 | D        | Found a shimmering altar of Xom.
    32 | D        | Found an ornate altar of the Wu Jian Council.
    32 | D        | Found a sacrificial altar of Ru.
    32 | D        | Found a stormy altar of Qazlal.
    32 | D        | Found an iron altar of Okawaru.
    32 | D        | Found a sparkling altar of Nemelex Xobeh.
    32 | D        | Found a burning altar of Makhleb.
    32 | D        | Found a blossoming altar of Fedhas.
    32 | D        | Found a white marble altar of Elyvilon.
    32 | D        | Found a shadowy altar of Dithmenos.
    32 | D        | Found a snail-covered altar of Cheibriados.
    34 | D        | Found a radiant altar of Vehumet.
    34 | D        | Found a corrupted altar of Lugonu.
    34 | D        | Found a roughly hewn altar of Beogh.
    35 | D        | Found a hide-covered altar of Uskayaw.
    35 | D        | Found an ancient bone altar of Kikubaaqudgha.
    35 | D        | Found a broken altar of Ashenzari.
    44 | D        | Became a worshipper of Beogh the Brigand
    44 | D        | Reached * piety under Beogh
    44 | D        | Reached ** piety under Beogh
   112 | D        | Reached skill level 5 in Axes
   112 | D        | Reached XP level 2. HP: 26/28 MP: 2/2
   113 | D        | Reached *** piety under Beogh
   180 | D        | Noticed a gargoyle
   180 | D        | Noticed a two-headed ogre
   231 | D        | Noticed a floating eye
   237 | D        | Killed a floating eye
   237 | D        | Reached **** piety under Beogh
   238 | D        | Reached skill level 8 in Axes
   238 | D        | Reached XP level 3. HP: 25/38 MP: 3/3
   238 | D        | Reached XP level 4. HP: 30/45 MP: 4/4
   396 | D        | Noticed a warg
   397 | D        | Noticed a flying skull
   401 | D        | Reached XP level 5. HP: 43/51 MP: 5/5
   406 | D        | Slain by a warg

Illustrated notes

Levels and vault maps discovered:
D:        pitsprint [storerooms_1, entrance_room_1, metal_vault_4, armoury_2,
          mini_pit_1, grid_room_1, main_hall_1, silver_pit, the_coven_3,
          the_vestibule_1, steel_vault_5, golden_pit, hallway_of_sentries,
          crystal_vault_6, iron_vault_2, final_vault]

Skill      XL: |  1  2 |
---------------+-------+-----
Fighting       | 4 6 |  6.8
Axes           | 5 8 |  8.6
Dodging        | 3 4 |  4.7
Stealth        | 2 |  2.6
Armour         | |  0.4

Action                   |  1- 3 |  4- 6 || total
-------------------------+-------+-------++-------
Melee: Hand axe          |    29 |    16 ||    45
       Punch             |     1 |       ||     1
  Use: Potion            |       |     1 ||     1
 Stab: Sleeping          |     1 |       ||     1
Armor: Robe              |     8 |       ||     8
       Plate armour      |       |     7 ||     7
Dodge: Dodged            |    13 |     5 ||    18

Table legend: (Time is in decaauts)
 A = Elapsed time spent in this place.
 B = Non-inter-level travel time spent in this place.
 C = Inter-level travel time spent in this place.
 D = Time resting spent in this place.
 E = Time spent auto-exploring this place.
 F = Levels seen in this place.
 G = Mean time per level.
                   A        B        C        D        E       F      G
               +--------+--------+--------+--------+--------+-----+--------+
         Total |    405 |    405 |      0 |     46 |      0 |   1 |  405.0 |
       Dungeon |    405 |    405 |      0 |     46 |      0 |   1 |  405.0 |
               +--------+--------+--------+--------+--------+-----+--------+

Top non-repeatable levels by time:
       D: 405 daAuts
